 Dungeon Sprint DCSS version 0.27.1-33-g824d729ab1 (webtiles) character file.

Game seed: 5033073641672899842

417 manyhoops the Grappler (level 6, -7/72 HPs)
             Began as a Troll Berserker on Nov 29, 2021.
             Was a Believer of Trog.
             Mangled by Sonja (12 damage)
             ... in the Dungeon (Sprint I: "Red Sonja").
             The game lasted 00:01:02 (269 turns).

manyhoops the Grappler (Troll Berserker)             Turns: 269, Time: 00:01:03

Health: -7/72      AC:  4    Str: 28    XL:     6   Next: 61%
Magic:  5/5        EV: 10    Int:  3    God:    Trog [**....]
Gold:   297        SH:  0    Dex:  9    Spells: 5/5 levels left

rFire    . . .     SeeInvis .     - Unarmed
rCold    . . .     Faith    .   (no shield)
rNeg     . . .     Spirit   .   a - +0 animal skin
rPois    .         Reflect  .   (helmet restricted)
rElec    .         Harm     .   (no cloak)
rCorr    .         Rampage  .   (gloves unavailable)
Will     .....     NoTele   +   (boots unavailable)
Stlth    +.........             (no amulet)
HPRegen  1.22/turn              (no ring)
MPRegen  0.09/turn              (no ring)

@: lethally poisoned (-7 -> -8), slowed, very slow
A: large, unfitting armour, claws 3, regeneration 1, shaggy fur 1, tough skin 1
a: Renounce Religion, Berserk, Trog's Hand


You were in the Dungeon.
You worshipped Trog.
Trog was pleased with you.
You visited 1 branch You collected 297 gold pieces.

Inventory:

Armour
 a - a +0 animal skin (worn)
Wands
 h - a wand of polymorph (7)
Scrolls
 g - a scroll of blinking
Potions
 d - a potion of haste
 e - 2 potions of magic
 f - a potion of berserk rage


   Skills:
 + Level 8.0 Fighting
 - Level 2.4 Dodging
 + Level 11.4 Unarmed Combat


You had 5 spell levels left.
You didn't know any spells.
Your spell library was empty.

Dungeon Overview and Level Annotations

Branches:
Dungeon (1/1)

Altars:
Cheibriados
Dithmenos
Elyvilon
Fedhas
Gozag
Hepliaklqana
Kikubaaqudgha
Nemelex Xobeh
Okawaru
Qazlal
Ru
Sif Muna
Trog
Uskayaw
Vehumet
Wu Jian
Yredelemnul
Zin
The Shining One

Shops:
D (

Annotations:
D Sonja


Innate Abilities, Weirdness & Mutations

You are too large for most types of armour.
You have claws for hands.
Your natural rate of healing is unusually fast.
You are covered in fur. (AC +1)
You have tough skin. (AC +1)


Message History

Sonja misses you.
Sonja hits you with a +2 short sword of distortion.
Space bends around you.
You claw Sonja!
Sonja is moderately wounded.
You recover from your berserk rage.
You feel sick.
Sonja hits you with a +2 short sword of distortion.
Space bends around you.
Sonja hits you with a +2 short sword of distortion.
Space bends around you. Sonja barely misses you.
Sonja hits you with a +2 short sword of distortion. x2
Space warps horribly around you!
Sonja hits you with a +2 short sword of distortion.
You miss Sonja.
Sonja is moderately wounded.
You feel sick. Sonja barely misses you. Sonja closely misses you.
Sonja barely misses you.
Sonja hits you with a +2 short sword of distortion.
Space warps horribly around you!
* * * LOW HITPOINT WARNING * * *
Sonja hits you with a +2 short sword of distortion.
* * * LOW HITPOINT WARNING * * *
Sonja closely misses you.
You feel much better.
You feel sick.
Sonja hits you with a +2 short sword of distortion. x2
* * * LOW HITPOINT WARNING * * *
Space bends around you.
* * * LOW HITPOINT WARNING * * *
Sonja barely misses you.
Sonja hits you with a +2 short sword of distortion.
* * * LOW HITPOINT WARNING * * *
Sonja hits you with a +2 short sword of distortion.
* * * LOW HITPOINT WARNING * * *
Space bends around you.
* * * LOW HITPOINT WARNING * * *
Sonja hits you with a +2 short sword of distortion.
* * * LOW HITPOINT WARNING * * *
Space warps horribly around you!
You die...

################
#<.#..)..#.)'..#
#..)..#..'..#..+
#..#####'#####'#
#..####..#...#)#
#..#__####@.##:#
#..#_____##K#_.+
#⌠⌠#_.∩...'..._#
####_..__##_.#'#
#_____###'#(#
####### .### .$
.$# .##


You could see Sonja.

Vanquished Creatures
  Sigmund (D)
  A yak (D)
  An ogre (D)
  A jelly (D)
  Ijyb (D)
5 creatures vanquished.

Notes
Turn   | Place    | Note
-------+----------+-------------------------------------------
     0 | D        | manyhoops the Troll Berserker began the quest for the Orb.
     0 | D        | Reached XP level 1. HP: 22/22 MP: 0/0
     1 | D        | Noticed Ijyb
     4 | D        | Killed Ijyb
     5 | D        | Reached skill level 6 in Unarmed Combat
     5 | D        | Reached XP level 2. HP: 29/29 MP: 1/1
    64 | D        | Noticed an ogre
    66 | D        | Killed an ogre
    67 | D        | Reached skill level 8 in Unarmed Combat
    67 | D        | Reached XP level 3. HP: 40/40 MP: 2/2
    67 | D        | Reached XP level 4. HP: 49/49 MP: 3/3
   103 | D        | Noticed Sigmund
   113 | D        | Killed Sigmund
   113 | D        | Reached ** piety under Trog
   114 | D        | Reached skill level 10 in Unarmed Combat
   114 | D        | Reached XP level 5. HP: 39/61 MP: 4/4
   172 | D        | Found an ornate altar of the Wu Jian Council.
   172 | D        | Found a shimmering blue altar of Sif Muna.
   174 | D        | Found a radiant altar of Vehumet.
   179 | D        | Reached XP level 6. HP: 68/68 MP: 5/5
   224 | D        | Found Myahux's Weapon Emporium.
   224 | D        | Found an ancient bone altar of Kikubaaqudgha.
   224 | D        | Found a hazy altar of Hepliaklqana.
   224 | D        | Found a stormy altar of Qazlal.
   224 | D        | Found a hide-covered altar of Uskayaw.
   224 | D        | Found a blossoming altar of Fedhas.
   224 | D        | Found a bloodstained altar of Trog.
   224 | D        | Found an iron altar of Okawaru.
   224 | D        | Found a basalt altar of Yredelemnul.
   224 | D        | Found a glowing golden altar of the Shining One.
   224 | D        | Found a snail-covered altar of Cheibriados.
   224 | D        | Found a sacrificial altar of Ru.
   224 | D        | Found a glowing silver altar of Zin.
   224 | D        | Found a shadowy altar of Dithmenos.
   224 | D        | Found a white marble altar of Elyvilon.
   224 | D        | Noticed a yak
   227 | D        | Killed a yak
   228 | D        | Reached skill level 11 in Unarmed Combat
   228 | D        | Found an opulent altar of Gozag.
   229 | D        | Found a sparkling altar of Nemelex Xobeh.
   259 | D        | Noticed Sonja
   269 | D        | Mangled by Sonja

Illustrated notes

Levels and vault maps discovered:
D:        dungeon_sprint_1 [red_sonja_temple_1, red_sonja_temple_small_1]

Skill      XL: |  1  2  3  4  5  6 |
---------------+-------------------+-----
Unarmed Combat | 6 8 10 11 | 11.4
Fighting       | 4 6 8 |  8.0
Dodging        | |  2.4

Action                   |  1- 3 |  4- 6 || total
-------------------------+-------+-------++-------
Melee: Unarmed           |     3 |    14 ||    17
       Punch             |     1 |     1 ||     2
Invok: Berserk           |     2 |     3 ||     5
  Use: Potion            |       |     3 ||     3
Armor: Animal skin       |       |     1 ||     1
Dodge: Dodged            |       |     9 ||     9
